 Dungeon Crawl Stone Soup version 0.22.1-6-g1668fe2 (webtiles) character file.

749 havocjr2 the Ducker (level 7, -2/56 HPs)
             Began as a Gnoll Gladiator on Jan 26, 2019.
             Was an Initiate of Sif Muna.
             Slain by an orc warrior
             ... wielding a +0 mace
              (17 damage)
             ... on level 7 of the Dungeon.
             The game lasted 00:26:10 (3302 turns).

havocjr2 the Ducker (Gnoll Gladiator)               Turns: 3302, Time: 00:26:11

Health: -2/56      AC:  4    Str: 16    XL:     7   Next: 77%
Magic:  10/10      EV: 16    Int: 13    God:    Sif Muna [......]
Gold:   157        SH:  0    Dex: 16    Spells: 11/11 levels left

rFire    . . .     SeeInvis .   a - +1 long sword
rCold    . . .     Gourm    .   (no shield)
rNeg     . . .     Faith    .   b - +0 leather armour
rPois    .         Spirit   .   q - +0 helmet
rElec    .         Reflect  .   (no cloak)
rCorr    .         Harm     .   (no gloves)
MR       .....                  (no boots)
Stlth    ++........             (no amulet)
HPRegen  0.18/turn              (no ring)
MPRegen  0.12/turn              (no ring)

@: no status effects
A: distributed training, fangs 1, strong nose
a: Renounce Religion


You were on level 7 of the Dungeon.
You worshipped Sif Muna.
Sif Muna was noncommittal.
You were hungry.

You visited 2 branches of the dungeon, and saw 6 of its levels.

You collected 157 gold pieces.

Inventory:

Hand Weapons
 a - a +1 long sword (weapon)
 s - a +0 hand crossbow
Missiles
 c - 12 bolts
 d - 3 throwing nets
 h - 174 stones
 m - 3 tomahawks (quivered)
 r - 32 arrows
Armour
 b - a +0 leather armour (worn)
 e - a +0 chain mail
 q - a +0 helmet (worn)
 v - a +0 scale mail
Wands
 g - a wand of paralysis (17)
Scrolls
 k - 3 scrolls of identify
 o - a scroll of remove curse {unknown}
 p - a scroll of blinking {unknown}
 t - a scroll of teleportation {unknown}
Potions
 i - a potion of curing
 j - a potion of mutation {unknown}
 l - 2 potions of ambrosia {unknown}
 n - a potion of brilliance {unknown}
Comestibles
 f - 7 rations


   Skills:
 + Level 5.3 Fighting
 + Level 2.6 Short Blades
 + Level 7.1 Long Blades
 + Level 2.6 Axes
 + Level 2.6 Maces & Flails
 + Level 2.6 Polearms
 + Level 2.6 Staves
 + Level 2.6 Slings
 + Level 2.6 Bows
 + Level 2.6 Crossbows
 + Level 5.3 Throwing
 + Level 2.6 Armour
 + Level 7.1 Dodging
 + Level 2.6 Stealth
 + Level 2.6 Shields
 + Level 2.6 Unarmed Combat
 + Level 2.6 Spellcasting
 + Level 2.1 Conjurations
 + Level 2.1 Hexes
 + Level 2.1 Charms
 + Level 2.1 Summonings
 + Level 2.1 Necromancy
 + Level 2.1 Translocations
 + Level 2.1 Transmutations
 + Level 2.1 Fire Magic
 + Level 2.1 Ice Magic
 + Level 2.1 Air Magic
 + Level 2.1 Earth Magic
 + Level 2.1 Poison Magic
 + Level 2.9 Invocations
 + Level 2.6 Evocations


You had 11 spell levels left.
You didn't know any spells.
Your spell library was empty.

Dungeon Overview and Level Annotations

Branches:
Dungeon (7/15)             Temple (1/1) D:7

Altars:
Ashenzari
Cheibriados
Dithmenos
Fedhas
Gozag
Makhleb
Nemelex Xobeh
Okawaru
Ru
Sif Muna
Trog
Vehumet
Wu Jian
Yredelemnul
Zin
The Shining One


Innate Abilities, Weirdness & Mutations

Your experience applies equally to all skills.
You have very sharp teeth.
Your uncanny sense of smell can sniff out nearby items.


Message History

The orc warrior is heavily wounded.
The orc warrior hits you with a mace!
* * * LOW HITPOINT WARNING * * *
You feel better. The orc warrior barely misses you.
You barely miss the orc warrior.
The orc warrior is heavily wounded.
The orc warrior misses you.
You hit the orc warrior but do no damage.
The orc warrior is heavily wounded.
The orc warrior barely misses you.
You hit the orc warrior.
The orc warrior is heavily wounded.
You hit the orc warrior.
The orc warrior is severely wounded.
The orc warrior misses you.
You hit the orc warrior but do no damage.
You bite the orc warrior, but do no damage.
The orc warrior is severely wounded.
The orc warrior hits you with a mace!
You die...

##....#..≈≈≈...# #.......#
##.####.###.#.# #.......# #.#
#.###...######.......#
#.####....#...............#
#.#.......................#
#.#.......................#
#.#...................)...# #
#.##..##............##.######
#.##.####...@..##......).....
#####.#..####...o..####.##.#.....
..##.....##....(......#.##.......
..........#....(...........###.##
...<........##([...#...#...##..#
............##(....#..####....##
.............).#.......# #...##
............####....##.# #...
...........## ..............


You could see an orc warrior.

Vanquished Creatures
  An ice beast (D:7)
  2 ogres
  A necrophage (D:7)
  A wight (D:7)
  A crimson imp (D:7)
  A centaur zombie (D:7)
  A hound (D:7)
  Natasha (twice) (D:2)
  2 orc wizards (D:7)
  A hound skeleton (D:7)
  A hound zombie (D:7)
  5 adders
  An ooze (D:3)
  3 worms
  2 dart slugs (D:3)
  4 leopard geckos
  6 orcs
  5 giant cockroaches
  4 goblins
  3 hobgoblins
  A ball python (D:3)
  10 bats
  4 frilled lizards
  11 kobolds
  6 rats
  A bush (D:2)
  A withered plant (D:7)
81 creatures vanquished.

Notes
Turn   | Place    | Note
-------+----------+-------------------------------------------
     0 | D:1      | havocjr2 the Gnoll Gladiator began the quest for the Orb.
     0 | D:1      | Reached XP level 1. HP: 20/20 MP: 1/1
   298 | D:1      | Reached XP level 2. HP: 26/26 MP: 2/2
   695 | D:2      | Reached XP level 3. HP: 24/31 MP: 3/3
   800 | D:2      | Found a basalt altar of Yredelemnul.
   937 | D:2      | Reached skill level 1 in Invocations
  1283 | D:2      | Reached skill level 1 in Short Blades
  1283 | D:2      | Reached skill level 1 in Axes
  1283 | D:2      | Reached skill level 1 in Maces & Flails
  1283 | D:2      | Reached skill level 1 in Polearms
  1283 | D:2      | Reached skill level 1 in Staves
  1283 | D:2      | Reached skill level 1 in Slings
  1283 | D:2      | Reached skill level 1 in Bows
  1283 | D:2      | Reached skill level 1 in Crossbows
  1283 | D:2      | Reached skill level 1 in Armour
  1283 | D:2      | Reached skill level 1 in Stealth
  1283 | D:2      | Reached skill level 1 in Shields
  1283 | D:2      | Reached skill level 1 in Unarmed Combat
  1283 | D:2      | Reached skill level 1 in Spellcasting
  1283 | D:2      | Reached skill level 1 in Evocations
  1283 | D:2      | Reached XP level 4. HP: 38/38 MP: 5/5
  1313 | D:2      | Noticed Natasha
  1322 | D:2      | Killed Natasha
  1427 | D:2      | Noticed Natasha
  1430 | D:2      | Killed Natasha
  1430 | D:2      | Reached skill level 1 in Conjurations
  1430 | D:2      | Reached skill level 1 in Hexes
  1430 | D:2      | Reached skill level 1 in Charms
  1430 | D:2      | Reached skill level 1 in Summonings
  1430 | D:2      | Reached skill level 1 in Necromancy
  1430 | D:2      | Reached skill level 1 in Translocations
  1430 | D:2      | Reached skill level 1 in Transmutations
  1430 | D:2      | Reached skill level 1 in Fire Magic
  1430 | D:2      | Reached skill level 1 in Ice Magic
  1430 | D:2      | Reached skill level 1 in Air Magic
  1430 | D:2      | Reached skill level 1 in Earth Magic
  1430 | D:2      | Reached skill level 1 in Poison Magic
  1430 | D:2      | Reached XP level 5. HP: 43/43 MP: 6/6
  2249 | D:4      | Noticed an ogre
  2256 | D:4      | Killed an ogre
  2256 | D:4      | Reached XP level 6. HP: 15/50 MP: 8/8
  2520 | D:4      | You fall through a shaft for 3 floors!
  2525 | D:7      | Reached skill level 5 in Fighting
  2525 | D:7      | Reached skill level 5 in Throwing
  2541 | D:7      | Noticed an ice beast
  2551 | D:7      | Killed an ice beast
  2551 | D:7      | Reached XP level 7. HP: 46/56 MP: 10/10
  3016 | D:7      | Found a staircase to the Ecumenical Temple.
  3025 | Temple   | Entered the Ecumenical Temple
  3163 | Temple   | Became a worshipper of Sif Muna the Loreminder
  3302 | D:7      | Slain by an orc warrior

Skill      XL: |  1  2  3  4  5  6  7 |
---------------+----------------------+-----
Invocations    | 1 2 |  2.9
Short Blades   | 1 2 |  2.6
Axes           | 1 2 |  2.6
Maces & Flails | 1 2 |  2.6
Polearms       | 1 2 |  2.6
Staves         | 1 2 |  2.6
Slings         | 1 2 |  2.6
Bows           | 1 2 |  2.6
Crossbows      | 1 2 |  2.6
Armour         | 1 2 |  2.6
Stealth        | 1 2 |  2.6
Shields        | 1 2 |  2.6
Unarmed Combat | 1 2 |  2.6
Spellcasting   | 1 2 |  2.6
Evocations     | 1 2 |  2.6
Conjurations   | 1 2 |  2.1
Hexes          | 1 2 |  2.1
Charms         | 1 2 |  2.1
Summonings     | 1 2 |  2.1
Necromancy     | 1 2 |  2.1
Translocations | 1 2 |  2.1
Transmutations | 1 2 |  2.1
Fire Magic     | 1 2 |  2.1
Ice Magic      | 1 2 |  2.1
Air Magic      | 1 2 |  2.1
Earth Magic    | 1 2 |  2.1
Poison Magic   | 1 2 |  2.1
Fighting       | 5 |  5.3
Throwing       | 5 |  5.3
Long Blades    | 7 |  7.1
Dodging        | 7 |  7.1

Action                   |  1- 3 |  4- 6 |  7- 9 || total
-------------------------+-------+-------+-------++-------
Melee: Long sword        |   130 |    40 |    61 ||   231
       Bite              |    27 |     3 |     9 ||    39
       Punch             |     1 |     1 |     2 ||     4
 Fire: Hand crossbow     |       |       |    26 ||    26
Throw: Stone             |    32 |       |       ||    32
       Tomahawk          |    12 |    49 |     4 ||    65
       Throwing net      |       |     2 |       ||     2
  Use: Scroll            |     3 |       |       ||     3
       Potion            |       |       |     1 ||     1
 Stab: Sleeping          |     1 |     1 |       ||     2
  Eat: Chunk             |     1 |     4 |     2 ||     7
Armor: Leather armour    |    11 |     8 |     8 ||    27
Dodge: Dodged            |    39 |    21 |    38 ||    98
       Rpst.: Long sword |    11 |     6 |     9 ||    26
